| TOP OF THE 1ST |
|
Harrisburg Senators batting - Pitching for Mobile BayBears : RHP Eric Richards
|
|
Pitching: RHP Eric Richards
|
|
|
Batting: RHB Kevin Wick
|
0-0: Called Strike 0-1: Foul Ball, location: 2F 0-2: Ball 1-2: Ball 2-2: Foul Ball, location: 2F 2-2: Ball 3-2: Ground out 5-3 (Groundball, 56S, EV 85.0 MPH)
|
|
Batting: RHB John McNeill
|
0-0: Ball 1-0: Foul Ball, location: 2F 1-1: Foul Ball, location: 2F 1-2: SINGLE (Line Drive, 6M, EV 108.8 MPH)
|
|
Batting: LHB Nate Melendez
|
0-0: Ball 1-0: Ball 2-0: Grounds into double play, 6-4-3 (Groundball, 6, EV 95.6 MPH)
|
| Top of the 1st over - 0 runs, 1 hit, 0 errors, 0 left on base; Harrisburg 0 - Mobile 0 |
| BOTTOM OF THE 1ST |
|
Mobile BayBears batting - Pitching for Harrisburg Senators : LHP Sean Carr
|
|
Pitching: LHP Sean Carr
|
|
|
Batting: RHB Edgar Garcia
|
0-0: Ball 1-0: Called Strike 1-1: Ball 2-1: Foul Ball, location: 2F 2-2: Foul Ball, location: 2F 2-2: Foul Ball, location: 2F 2-2: Ball 3-2: SINGLE (Line Drive, 9S, EV 91.9 MPH)
|
|
Batting: RHB Marlon Reda
|
0-0: Ball 1-0: Called Strike 1-1: SINGLE (Flyball, 78S, EV 94.4 MPH) Edgar Garcia to second
|
|
Batting: LHB Kevin Ferguson
|
0-0: DOUBLE (Flyball, 78XD, EV 110.6 MPH) Edgar Garcia scores Marlon Reda to third
|
|
Batting: LHB Willie Gutierrez
|
0-0: Called Strike 0-1: Ball 1-1: Ball 2-1: Called Strike 2-2: Ball 3-2: SINGLE (Groundball, 34S, EV 72.5 MPH) (infield hit)
|
|
Batting: RHB Franklin Villanueva
|
0-0: Foul Ball, location: 2F 0-1: Ball 1-1: Called Strike 1-2: Foul Ball, location: 2F 1-2: Strikes out swinging
|
|
Batting: RHB Andy Schuett
|
0-0: Called Strike 0-1: Called Strike 0-2: Grounds into double play, 5-4-3 (Groundball, 56S, EV 92.5 MPH)
|
| Bottom of the 1st over - 1 run, 4 hits, 0 errors, 2 left on base; Harrisburg 0 - Mobile 1 |
| TOP OF THE 2ND |
|
Harrisburg Senators batting - Pitching for Mobile BayBears : RHP Eric Richards
|
|
Batting: RHB Donovan Auclair
|
0-0: Ball 1-0: Ball 2-0: Called Strike 2-1: Called Strike 2-2: Foul Ball, location: 2F 2-2: Ball 3-2: Strikes out looking
|
|
Batting: RHB Rene Montoya
|
0-0: Fly out, F8 (Line Drive, 78M, EV 91.2 MPH)
|
|
Batting: RHB Ben Welt
|
0-0: Swinging Strike 0-1: Ball 1-1: SINGLE (Flyball, 5D, EV 88.8 MPH)
|
|
Batting: RHB Gabe Almazan
|
0-0: Called Strike Ben Welt is caught stealing 2nd base 2-4
|
| Top of the 2nd over - 0 runs, 1 hit, 0 errors, 0 left on base; Harrisburg 0 - Mobile 1 |
| BOTTOM OF THE 2ND |
|
Mobile BayBears batting - Pitching for Harrisburg Senators : LHP Sean Carr
|
|
Batting: RHB Scott Carr
|
0-0: Called Strike 0-1: Foul Ball, location: 2F 0-2: Ball 1-2: Ground out 6-3 (Groundball, 56, EV 100.6 MPH)
|
|
Batting: LHB T.J. Duvall
|
0-0: Swinging Strike 0-1: Ball 1-1: Foul Ball, location: 2F 1-2: Ball 2-2: Ground out 4-3 (Groundball, 4, EV 98.1 MPH)
|
|
Batting: RHB Yasuo Nakata
|
0-0: Ball 1-0: Called Strike 1-1: Ball 2-1: Foul Ball, location: 2F 2-2: Ground out 4-3 (Groundball, 4M, EV 104.4 MPH)
|
| Bottom of the 2nd over - 0 runs, 0 hits, 0 errors, 0 left on base; Harrisburg 0 - Mobile 1 |
| TOP OF THE 3RD |
|
Harrisburg Senators batting - Pitching for Mobile BayBears : RHP Eric Richards
|
|
Batting: RHB Gabe Almazan
|
0-0: Ball 1-0: Ball 2-0: Foul Ball, location: 2F 2-1: Swinging Strike 2-2: Strikes out looking
|
|
Batting: RHB Tony Madrigal
|
0-0: Ball 1-0: Fly out, F8 (Flyball, 8RM, EV 89.4 MPH)
|
|
Batting: RHB Josh Lykins
|
0-0: Foul Ball, location: 2F 0-1: Ball 1-1: Swinging Strike 1-2: Foul Ball, location: 2F 1-2: Strikes out swinging
|
| Top of the 3rd over - 0 runs, 0 hits, 0 errors, 0 left on base; Harrisburg 0 - Mobile 1 |
| BOTTOM OF THE 3RD |
|
Mobile BayBears batting - Pitching for Harrisburg Senators : LHP Sean Carr
|
|
Batting: RHB Edgar Garcia
|
0-0: Foul Ball, location: 2F 0-1: Ball 1-1: Ball 2-1: Foul Ball, location: 2F 2-2: Ball 3-2: Base on Balls
|
|
Batting: RHB Marlon Reda
|
0-0: Called Strike 0-1: Ball 1-1: Ball 2-1: Called Strike 2-2: Fly out, F9 (Flyball, 9LS, EV 78.8 MPH)
|
|
Batting: LHB Kevin Ferguson
|
0-0: Called Strike 0-1: Fielders Choice at 2nd, 4-6 (Groundball, 34, EV 103.8 MPH)
|
|
Batting: LHB Willie Gutierrez
|
0-0: Ball 1-0: Ball 2-0: Foul Ball, location: 2F 2-1: Ground out 1-3 (Groundball, 13, EV 68.8 MPH)
|
| Bottom of the 3rd over - 0 runs, 0 hits, 0 errors, 1 left on base; Harrisburg 0 - Mobile 1 |
| TOP OF THE 4TH |
|
Harrisburg Senators batting - Pitching for Mobile BayBears : RHP Eric Richards
|
|
Batting: RHB Kevin Wick
|
0-0: Called Strike 0-1: Foul Ball, location: 2F 0-2: Foul Ball, location: 2F 0-2: Ball 1-2: Fly out, F9 (Flyball, 9S, EV 85.6 MPH)
|
|
Batting: RHB John McNeill
|
0-0: Foul Ball, location: 2F 0-1: SINGLE (Groundball, 4M, EV 102.5 MPH) (infield hit)
|
|
Batting: LHB Nate Melendez
|
0-0: Swinging Strike 0-1: Swinging Strike 0-2: Ball 1-2: Strikes out swinging
|
|
Batting: RHB Donovan Auclair
|
0-0: Ball 1-0: Ball 2-0: Called Strike 2-1: Ball 3-1: Called Strike 3-2: Foul Ball, location: 2F 3-2: Ground out 5-3 (Groundball, 56, EV 96.2 MPH)
|
| Top of the 4th over - 0 runs, 1 hit, 0 errors, 1 left on base; Harrisburg 0 - Mobile 1 |
| BOTTOM OF THE 4TH |
|
Mobile BayBears batting - Pitching for Harrisburg Senators : LHP Sean Carr
|
|
Batting: RHB Franklin Villanueva
|
0-0: Ball 1-0: Ball 2-0: Ground out 4-3 (Groundball, 34D, EV 78.8 MPH)
|
|
Batting: RHB Andy Schuett
|
0-0: Foul Ball, location: 2F 0-1: Foul Ball, location: 2F 0-2: Strikes out looking
|
|
Batting: RHB Scott Carr
|
0-0: Ball 1-0: Ball 2-0: Called Strike 2-1: Ball 3-1: Called Strike 3-2: Foul Ball, location: 2F 3-2: Foul Ball, location: 2F 3-2: Foul Ball, location: 2F 3-2: Base on Balls
|
|
Batting: LHB T.J. Duvall
|
0-0: Ball 1-0: Foul Ball, location: 2F 1-1: Fielders Choice at 2nd, 6-4 (Groundball, 6, EV 93.1 MPH)
|
| Bottom of the 4th over - 0 runs, 0 hits, 0 errors, 1 left on base; Harrisburg 0 - Mobile 1 |
| TOP OF THE 5TH |
|
Harrisburg Senators batting - Pitching for Mobile BayBears : RHP Eric Richards
|
|
Pitching: LHP Yorihiko Honda
|
|
|
Batting: RHB Rene Montoya
|
0-0: Hit by Pitch
|
|
Batting: RHB Ben Welt
|
0-0: Called Strike 0-1: Called Strike 0-2: Strikes out looking
|
|
Batting: RHB Gabe Almazan
|
0-0: Called Strike 0-1: Ball 1-1: Foul Ball, location: 2F 1-2: Fielders Choice at 2nd, 4-6 (Groundball, 4M, EV 106.9 MPH)
|
|
Batting: RHB Tony Madrigal
|
0-0: Ground out 4-3 (Groundball, 4, EV 103.8 MPH)
|
| Top of the 5th over - 0 runs, 0 hits, 0 errors, 1 left on base; Harrisburg 0 - Mobile 1 |
| BOTTOM OF THE 5TH |
|
Mobile BayBears batting - Pitching for Harrisburg Senators : LHP Sean Carr
|
|
Batting: RHB Yasuo Nakata
|
0-0: SINGLE (Flyball, 5D, EV 83.1 MPH)
|
|
Batting: RHB Edgar Garcia
|
0-0: Ball 1-0: Called Strike 1-1: Swinging Strike 1-2: Ball 2-2: Grounds out, U3 (Groundball, 3L, EV 102.5 MPH)
|
|
Batting: RHB Marlon Reda
|
0-0: Ball 1-0: Called Strike 1-1: Ball 2-1: SINGLE (Groundball, 4D, EV 107.5 MPH) Yasuo Nakata to third Runner from 3rd tries for Home, SAFE, throw by CF to home
|
|
Batting: LHB Kevin Ferguson
|
0-0: Called Strike 0-1: Ball 1-1: Fly out, F6 (Popup, 15, EV 77.5 MPH)
|
|
Pitching: LHP Kyle Bachman
|
|
|
Batting: LHB Willie Gutierrez
|
0-0: Ball 1-0: Swinging Strike 1-1: Ball 2-1: Ball 3-1: Base on Balls Marlon Reda to second
|
|
Batting: RHB Franklin Villanueva
|
0-0: Ball 1-0: Ball 2-0: Ball 3-0: Called Strike 3-1: Foul Ball, location: 2F 3-2: Foul Ball, location: 2F 3-2: Base on Balls Marlon Reda to third Willie Gutierrez to second
|
|
Batting: RHB Andy Schuett
|
0-0: Ball 1-0: Ball 2-0: Foul Ball, location: 2F 2-1: Hit by Pitch Marlon Reda scores Willie Gutierrez to third Franklin Villanueva to second
|
|
Batting: RHB Scott Carr
|
0-0: Ball 1-0: Ball 2-0: DOUBLE (Flyball, 8LXD, EV 99.4 MPH) Willie Gutierrez scores Franklin Villanueva scores Andy Schuett to third Runner from 3rd tries for Home, SAFE, throw by CF to home
|
|
Pitching: RHP Alpha Miller
|
|
|
Batting: LHB T.J. Duvall
|
0-0: Ball 1-0: Foul Ball, location: 2F 1-1: Ball 2-1: Called Strike 2-2: Strikes out swinging
|
| Bottom of the 5th over - 5 runs, 3 hits, 0 errors, 1 left on base; Harrisburg 0 - Mobile 6 |
| TOP OF THE 6TH |
|
Harrisburg Senators batting - Pitching for Mobile BayBears : LHP Yorihiko Honda
|
|
Batting: RHB Josh Lykins
|
0-0: Ground out 6-3 (Groundball, 56, EV 105.0 MPH)
|
|
Batting: RHB Kevin Wick
|
0-0: Ball 1-0: Ball 2-0: Called Strike 2-1: Ball 3-1: Base on Balls
|
|
Batting: RHB John McNeill
|
0-0: Foul Ball, location: 2F 0-1: Called Strike 0-2: Foul Ball, location: 2F 0-2: Fly out, F8 (Flyball, 8RM, EV 95.6 MPH)
|
|
Batting: LHB Nate Melendez
|
0-0: Ball 1-0: Foul Ball, location: 2F 1-1: Called Strike 1-2: Ball 2-2: Ball Kevin Wick is caught stealing 2nd base 2-6
|
| Top of the 6th over - 0 runs, 0 hits, 0 errors, 0 left on base; Harrisburg 0 - Mobile 6 |
| BOTTOM OF THE 6TH |
|
Mobile BayBears batting - Pitching for Harrisburg Senators : RHP Alpha Miller
|
|
Batting: RHB Yasuo Nakata
|
0-0: Ball 1-0: Foul Ball, location: 2F 1-1: Ground out 1-3 (Groundball, 13S, EV 65.0 MPH)
|
|
Batting: RHB Edgar Garcia
|
0-0: Called Strike 0-1: Foul Ball, location: 2F 0-2: Strikes out swinging, 2-3 out at first.
|
|
Batting: RHB Marlon Reda
|
0-0: Swinging Strike 0-1: Called Strike 0-2: Ball 1-2: Ground out 6-3 (Groundball, 56, EV 88.8 MPH)
|
| Bottom of the 6th over - 0 runs, 0 hits, 0 errors, 0 left on base; Harrisburg 0 - Mobile 6 |
| TOP OF THE 7TH |
|
Harrisburg Senators batting - Pitching for Mobile BayBears : LHP Yorihiko Honda
|
|
Pitching: RHP Nate Bixler
|
|
|
Batting: LHB Nate Melendez
|
0-0: Ball 1-0: Ball 2-0: Foul Ball, location: 2F 2-1: Swinging Strike 2-2: Strikes out swinging
|
|
Batting: RHB Donovan Auclair
|
0-0: Called Strike 0-1: Hit by Pitch
|
|
Batting: RHB Rene Montoya
|
0-0: Ball 1-0: Ball 2-0: Fly out, F7 (Flyball, 78D, EV 104.4 MPH)
|
|
Batting: RHB Ben Welt
|
0-0: Ball Balk! Donovan Auclair to second 1-0: Ball 2-0: Ball 3-0: Base on Balls
|
|
Batting: RHB Gabe Almazan
|
0-0: Ball 1-0: Swinging Strike 1-1: Swinging Strike 1-2: Fly out, F8 (Line Drive, 8LD, EV 101.2 MPH)
|
| Top of the 7th over - 0 runs, 0 hits, 0 errors, 2 left on base; Harrisburg 0 - Mobile 6 |
| BOTTOM OF THE 7TH |
|
Mobile BayBears batting - Pitching for Harrisburg Senators : RHP Alpha Miller
|
|
Batting: LHB Kevin Ferguson
|
0-0: Ball 1-0: Called Strike 1-1: Ball 2-1: Ball 3-1: Base on Balls
|
|
Pitching: RHP Chris Close
|
|
|
Batting: LHB Willie Gutierrez
|
0-0: Ball 1-0: Called Strike 1-1: Fly out, F7 (Flyball, 7, EV 83.8 MPH)
|
|
Batting: RHB Franklin Villanueva
|
0-0: Swinging Strike 0-1: Ball 1-1: Ball 2-1: Fly out, F9 (Line Drive, 89S, EV 109.4 MPH)
|
|
Batting: RHB Andy Schuett
|
0-0: SINGLE (Groundball, 56S, EV 72.5 MPH) (infield hit) Kevin Ferguson to second
|
|
Batting: RHB Scott Carr
|
0-0: Swinging Strike 0-1: Ball 1-1: Ball 2-1: Foul Ball, location: 2F 2-2: Strikes out looking
|
| Bottom of the 7th over - 0 runs, 1 hit, 0 errors, 2 left on base; Harrisburg 0 - Mobile 6 |
| TOP OF THE 8TH |
|
Harrisburg Senators batting - Pitching for Mobile BayBears : RHP Nate Bixler
|
|
Pitching: RHP Rich Garces
|
|
|
Batting: RHB Tony Madrigal
|
0-0: Ball 1-0: DOUBLE (Groundball, 5L, EV 95.0 MPH)
|
|
Batting: RHB Josh Lykins
|
0-0: Ball 1-0: Ball Wild Pitch! Tony Madrigal to third 2-0: SINGLE (Line Drive, 34, EV 99.4 MPH) Tony Madrigal scores
|
|
Batting: RHB Kevin Wick
|
0-0: Foul Ball, location: 2F 0-1: Ball 1-1: Ball 2-1: SINGLE (Line Drive, 9LS, EV 96.2 MPH) Josh Lykins to second
|
|
Batting: RHB John McNeill
|
0-0: Called Strike 0-1: Foul Ball, location: 2F 0-2: Strikes out swinging
|
|
Batting: LHB Nate Melendez
|
0-0: Ball 1-0: DOUBLE (Groundball, 3L, EV 103.1 MPH) Josh Lykins scores Kevin Wick to third Runner from 3rd tries for Home, SAFE, throw by RF to trailing runner, SAFE at third!
|
|
Pitching: LHP Juan Perez
|
|
|
Batting: RHB Donovan Auclair
|
0-0: Ball 1-0: Swinging Strike 1-1: Called Strike 1-2: Ball 2-2: Ball 3-2: Base on Balls
|
|
Batting: RHB Rene Montoya
|
0-0: Called Strike 0-1: Ball 1-1: Ball 2-1: Ball 3-1: Fly out, F8 (Flyball, 8LD, EV 100.6 MPH) Runner from 3rd tags up, SCORES, throw by CF
|
|
Batting: RHB Ben Welt
|
0-0: Ball 1-0: Ball 2-0: Foul Ball, location: 2F 2-1: Foul Ball, location: 2F 2-2: Strikes out swinging
|
| Top of the 8th over - 4 runs, 4 hits, 0 errors, 1 left on base; Harrisburg 4 - Mobile 6 |
| BOTTOM OF THE 8TH |
|
Mobile BayBears batting - Pitching for Harrisburg Senators : RHP Chris Close
|
|
Pitching: LHP Ian Bell
|
|
|
Batting: LHB T.J. Duvall
|
0-0: DOUBLE (Line Drive, 5D, EV 95.6 MPH)
|
|
Pitching: RHP Ramon Rodriguez
|
|
|
Batting: RHB Yasuo Nakata
|
0-0: Ball 1-0: Ball 2-0: Called Strike 2-1: Called Strike 2-2: Strikes out looking
|
|
Batting: RHB Edgar Garcia
|
0-0: Swinging Strike 0-1: Ball 1-1: Called Strike 1-2: Ball 2-2: Fly out, F5 (Popup, 5SF, EV 72.5 MPH)
|
|
Batting: RHB Marlon Reda
|
0-0: Called Strike 0-1: SINGLE (Flyball, 56D, EV 96.9 MPH) T.J. Duvall to third Runner from 3rd tries for Home, SAFE, throw by LF to home
|
|
Batting: LHB Kevin Ferguson
|
0-0: Called Strike 0-1: Foul Ball, location: 2F 0-2: Strikes out swinging
|
| Bottom of the 8th over - 1 run, 2 hits, 0 errors, 1 left on base; Harrisburg 4 - Mobile 7 |
| TOP OF THE 9TH |
|
Harrisburg Senators batting - Pitching for Mobile BayBears : LHP Juan Perez
|
|
Pitching: LHP Eric Dennis
|
|
|
Batting: RHB Gabe Almazan
|
0-0: Called Strike 0-1: Ball 1-1: Ground out 5-3 (Groundball, 56, EV 86.2 MPH)
|
|
Batting: RHB Tony Madrigal
|
0-0: SINGLE (Groundball, 34D, EV 95.6 MPH)
|
|
Batting: RHB Josh Lykins
|
0-0: Called Strike 0-1: Called Strike Pickoff Throw to First - Out! 1-3 CS 0-2: Ball 1-2: Foul Ball, location: 2F 1-2: DOUBLE (Line Drive, 89M, EV 101.2 MPH)
|
|
Batting: RHB Kevin Wick
|
0-0: Ball 1-0: Ground out 6-3 (Groundball, 6, EV 83.8 MPH)
|
| Top of the 9th over - 0 runs, 2 hits, 0 errors, 1 left on base; Harrisburg 4 - Mobile 7 |
|